 Dungeon Crawl Stone Soup version 0.30-a0-639-g3916f1956a (webtiles) character file.

Game seed: 4548318419747139726

11 wormed the Stinger (level 2, 0/17 HPs)
             Began as an Octopode Venom Mage on Jan 17, 2023.
             Slain by a jackal (2 damage)
             ... on level 1 of the Dungeon.
             The game lasted 00:00:36 (462 turns).

wormed the Stinger (Octopode Venom Mage)             Turns: 462, Time: 00:00:36

Health: 0/17       AC:  1    Str:  7    XL:     2   Next: 25%
Magic:  3/5        EV: 13    Int: 17    God:
Gold:   23         SH:  0    Dex: 12    Spells: 4/5 levels left

rFire   . . .      SeeInvis .    (no weapon)
rCold   . . .      Faith    .    (no shield)
rNeg    . . .      Spirit   .    (helmet restricted)
rPois   .          Reflect  .    (no amulet)
rElec   .          Harm     .    (no ring)
rCorr   .          Rampage  .    (no ring)
Will    .....                    (no ring)
Stlth   +++                      (no ring)
HPRegen 0.22/turn                (no ring)
MPRegen 0.09/turn                (no ring)
                                 (no ring)
                                 (no ring)

@: no status effects
A: almost no armour, amphibious, 8 rings, camouflage 1, gelatinous body 1,
(nimble swimmer 1), tentacles
a: no special abilities


You were on level 1 of the Dungeon.
You visited 1 branch of the dungeon, and saw 1 of its levels.

You collected 23 gold pieces.

Inventory:

Scrolls
 d - a scroll of enchant weapon {unknown}
Potions
 b - a potion of might {unknown}
 c - a potion of brilliance {unknown}
 e - a potion of lignification {unknown}


   Skills:
 - Level 2.0 Dodging
 - Level 2.6 Stealth
 + Level 2.2 Spellcasting
 + Level 1.4 Transmutations
 + Level 3.9 Poison Magic


You had 4 spell levels left.
You knew the following spells:

 Your Spells              Type           Power      Damage    Failure   Level
a - Sting                 Tmut/Pois      44%        1d5       6%          1

Your spell library contained the following spells:

 Spells                   Type           Power      Damage    Failure   Level
 Poisonous Vapours        Pois/Air       16%        N/A       13%         2
 Mephitic Cloud           Conj/Pois/Air  6%         N/A       32%         3
 Olgreb's Toxic Radiance  Pois           15%        N/A       36%         4


Dungeon Overview and Level Annotations

Branches:
Dungeon (1/15)

Altars:


Innate Abilities, Weirdness & Mutations

You cannot wear most types of armour.
You are amphibious.
You can wear up to eight rings at the same time.
Your skin changes colour to match your surroundings (Stealth+).
Your rubbery body absorbs attacks. (AC +1, EV +1)
((You are camouflaged when in or above water. (Stealth+)))
You have tentacles for arms and can constrict up to eight enemies at once.


Message History

The ball python barely misses you. The ball python grabs you.
The ball python constricts you. The jackal barely misses you. x2
You tentacle-slap the jackal. Your grab misses the jackal.
The jackal is heavily wounded.
You constrict the jackal. The jackal closely misses you. The jackal bites you.
The ball python closely misses you. The ball python constricts you.
The jackal closely misses you.
The jackal bites you but does no damage.
The ball python bites you but does no damage.
The ball python constricts you.
You tentacle-slap the ball python but do no damage.
Your grab misses the ball python. Your squeeze misses the ball python.
You constrict the jackal. The jackal barely misses you. x2
The ball python barely misses you. The ball python constricts you.
* * * LOW HITPOINT WARNING * * *
Magic courses through your body.
You constrict the jackal. The jackal bites you.
* * * LOW HITPOINT WARNING * * *
The jackal barely misses you. The ball python barely misses you.
The ball python constricts you. The jackal barely misses you.
The jackal bites you.
* * * LOW HITPOINT WARNING * * *
Casting: Sting (safe; 6% risk of failure)
Confirm with . or Enter, or press ? or * to list all spells.
Aiming: Sting (safe; 6% risk of failure)
Press: ? - help, Shift-Dir - straight line, f - jackal
Aim: a jackal (severely wounded, constricted by you, 98% to hit)
The sting hits the jackal.
The jackal is poisoned.
You kill the jackal!
The ball python closely misses you. The ball python constricts you.
The jackal closely misses you.
Casting: Sting (safe; 6% risk of failure)
Confirm with . or Enter, or press ? or * to list all spells.
Aiming: Sting (safe; 6% risk of failure)
Press: ? - help, Shift-Dir - straight line, f - ball python
Aim: a ball python (constricting you, 68% to hit)
The sting hits the ball python.
The ball python is poisoned.
You kill the ball python!
The jackal bites you.
You die...

#
##..#..#..........###
#.#..................
#.#.....$............
#....$............###
###..........#..
#.............
#..........#..
#...†......#..
#..†@....$...
#..h.......##
#...........
##..######.# #... ..
##.# #.# #.


You could see a jackal.

Vanquished Creatures
  A bat (D:1)
  A goblin (D:1)
  A hobgoblin (D:1)
  3 jackals (D:1)
  A kobold (D:1)
  2 ball pythons (D:1)
  A rat (D:1)
10 creatures vanquished.

Notes
Turn   | Place    | Note
-------+----------+-------------------------------------------
     0 | D:1      | wormed the Octopode Venom Mage began the quest for the Orb.
     0 | D:1      | Reached XP level 1. HP: 11/11 MP: 3/3
   378 | D:1      | Reached XP level 2. HP: 17/17 MP: 1/5
   462 | D:1      | Slain by a jackal

Illustrated notes

Levels and vault maps discovered:
D:1:      dpeg_arrival_rooms_with_view, layout_basic

Action                   || total
-------------------------++-------
Melee: Unarmed           ||     8
       Constrict         ||     3
 Cast: Sting             ||    16
  Use: Potion            ||     1
Armor: Skin              ||     2
Dodge: Dodged            ||    26

Table legend: (Time is in decaauts)
 A = Elapsed time spent in this place.
 B = Non-inter-level travel time spent in this place.
 C = Inter-level travel time spent in this place.
 D = Time resting spent in this place.
 E = Time spent auto-exploring this place.
 F = Levels seen in this place.
 G = Mean time per level.
                   A        B        C        D        E       F      G
               +--------+--------+--------+--------+--------+-----+--------+
         Total |    462 |    462 |      0 |      0 |    403 |   1 |  462.0 |
       Dungeon |    462 |    462 |      0 |      0 |    403 |   1 |  462.0 |
               +--------+--------+--------+--------+--------+-----+--------+

Top non-repeatable levels by time:
     D:1: 462 daAuts
